Unix NetHack Version 5.0.0-0 post-release - last build May  4 2026 22:22:43 (774f63e81ad911689b3a0859ea89b322d5daca8d,branch:main).

Game began 2026-05-06 18:59:13, ended 2026-05-06 21:25:38.

Drastanta, neutral female human Monk

                              1
                              1


                               .- -----
                               -h--.|.--
                                -@.....|
                                --.....|
                                 --.%.<--
                                  |.....--
                                  ---.)..#
                                    |...--
                                    -----

Drastanta the Initiate          St:18/02 Dx:11 Co:12 In:9 Wi:10 Ch:13  Neutral
Dlvl:6  $:254 HP:0(52) Pw:31(31) AC:4  Xp:7 T:5831 

Latest messages:
 You miss the Mordor orc.
 You hit the Mordor orc!
 The Mordor orc hits!
 You miss the Mordor orc.
 You miss the Mordor orc.
 The Mordor orc hits!
 The dwarf wields a broad short sword!
 You hit the Mordor orc.
 The Mordor orc hits!
 You kill the Mordor orc!
 You stop.  Your large dog is in the way!
 The dagger hits the Mordor orc.
 You swap places with your large dog.
 You swap places with your large dog.
 You see here 3 cursed daggers.
 You are hit by a dagger.
 You swap places with your large dog.
 You hear some noises in the distance.
 You start digging.
 You hit the rock with all your might.
 You make an opening in the wall.
 The Mordor orc wields a corroded knife!
 The Mordor orc thrusts his knife.
 The Mordor orc hits!
 You miss the Mordor orc.
 You hit the Mordor orc.
 The large dog misses the Mordor orc.
 You hit the Mordor orc!
 You hit the Mordor orc.
 The large dog misses the Mordor orc.
 The large dog misses the Mordor orc.
 You miss the Mordor orc.
 The large dog misses the Mordor orc.
 You kill the Mordor orc!
 There are several objects here.
 The dwarf thrusts her broad short sword.
 The dwarf hits!
 You miss the dwarf.
 The dwarf thrusts her broad short sword.
 The dwarf hits!
 You miss the dwarf.
 You miss the dwarf.
 The dwarf thrusts her broad short sword.
 The dwarf hits!
 You die...
 Do you want your possessions identified? [ynq] (y) y
 Do you want to see your attributes? [ynq] (y) y
 Do you want an account of creatures vanquished? [ynaq] (y) y
 Do you want to see your conduct and achievements? [ynq] (y) y
 Do you want to see the dungeon overview? [ynq] (y) y

Inventory:
 Coins    ('$')
  $ - 254 gold pieces
 Armor    ('[')
  a - an uncursed +2 pair of leather gloves (being worn)
  z - an uncursed rotted +0 pair of elven boots (being worn)
  b - an uncursed +1 robe (being worn)
 Comestibles  ('%')
  f - 2 uncursed food rations
  i - 3 uncursed fortune cookies
  N - an uncursed tripe ration
  u - an uncursed tin of spinach
 Scrolls  ('?')
  O - an uncursed scroll of amnesia
  c - 3 uncursed scrolls of confuse monster
  F - an uncursed scroll of destroy armor
  R - an uncursed scroll of earth
  V - a blessed scroll of gold detection
  m - an uncursed scroll of identify
  o - 2 uncursed scrolls of light
  r - an uncursed scroll of remove curse
 Spellbooks  ('+')
  h - an uncursed spellbook of dig
  p - an uncursed spellbook of levitation
  q - an uncursed spellbook of light
 Potions  ('!')
  s - a cursed potion of booze
  L - a cursed potion of hallucination
  d - 2 blessed potions of healing
  e - 6 uncursed potions of healing
  j - a cursed potion of healing
  E - an uncursed potion of monster detection
  P - an uncursed potion of object detection
 Wands    ('/')
  n - a wand of cold (0:8)
  M - a wand of digging (0:7)
  J - a wand of fire (0:5)
  T - a wand of light (0:11)
  H - a wand of make invisible (0:5)
  W - a wand of opening (0:5)
  l - a blessed wand of undead turning (0:7)
 Tools    ('(')
  w - an uncursed oil lamp (lit)
  g - a +0 pick-axe (weapon in right hand)
  X - an uncursed skeleton key
  t - an uncursed tin whistle
  D - an uncursed towel

Drastanta the Monk's attributes:

Background:
 You were an Initiate, a level 7 female human Monk.
 You were neutral, on a mission for Chih Sung-tzu
 who was opposed by Shan Lai Ching (lawful) and Huan Ti (chaotic).
 You were right-handed.
 You were in the Gnomish Mines, on level 6.
 You entered the dungeon 5831 turns ago.
 You had 805 experience points, 475 more were needed to attain level 8.

Basics:
 You had 0 out of 52 hit points.
 You had all 31 energy points (spell power).
 Your armor class was 4.
 Your wallet contained 254 zorkmids.
 Autopickup was off.

Final Characteristics:
 Your strength was 18/02 (limit:18/100).
 Your dexterity was 11 (limit:18).
 Your constitution was 12 (limit:18).
 Your intelligence was 9 (limit:18).
 Your wisdom was 10 (peak:11, limit:18).
 Your charisma was 13 (limit:18).

Final Status:
 You weren't hungry.
 You were unencumbered.
 You were wielding a pick-axe.
 You had no skill with pick-axe.

Final Attributes:
 You were piously aligned.
 You were sleep resistant.
 You were poison resistant.
 You saw invisible.
 You were warned.
 You were stealthy.
 You were guarded.
 Your spell casting was enhanced by wearing a robe.
 You were fast.
 You are dead.

Miscellaneous:
 You didn't encounter any bones levels.
 Total elapsed playing time was 2 hours, 23 minutes and 34 seconds.

Major events:
 Turn
    1: Drastanta the neutral female human Monk entered the dungeon
  603: entered the Gnomish Mines
 1106: attained the rank of Novice (level 3)
 4235: attained the rank of Initiate (level 6)
 4973: reached Mine Town
 5831: killed by a dwarf

Spells:
 Name                 Level Category     Fail Retention
 healing                1   healing        0%   71%-80%

Skills:
 Fighting Skills
   martial arts       [Basic]
 Weapon Skills
   quarterstaff       [Unskilled]
   spear              [Unskilled]
   crossbow           [Unskilled]
   shuriken           [Unskilled]
 Spellcasting Skills
   attack spells      [Unskilled]
   healing spells     [Basic]
   divination spells  [Unskilled]
   enchantment spells [Unskilled]
   clerical spells    [Unskilled]
   escape spells      [Unskilled]
   matter spells      [Unskilled]

Voluntary challenges:
 Character rerolling was not enabled.
 You were vegetarian.
 You never genocided any monsters.
 You never polymorphed an object.
 You used no wishes.
Achievements:
 You entered the Gnomish Mines.
 You attained the rank of Novice.
 You entered a shop.
 You attained the rank of Initiate.
 You entered Minetown.
 You entered a temple.

 The Dungeons of Doom: levels 1 to 8
    Level 1:
    Level 2:
       A fountain.
       Stairs down to The Gnomish Mines.
    Level 3:
       A fountain, a sink.
    Level 4:
       An armor shop.
    Level 5: "Spellbook of Healing"
    Level 6:
    Level 7:
       A fountain.
    Level 8:
       Many fountains.
       Oracle of Delphi.
 The Gnomish Mines: levels 3 to 6
    Level 3:
    Level 4:
    Level 5:
       Many shops, a temple and an altar, some fountains.
    Level 6: <- You were here.
       Final resting place for
          you, killed by a dwarf.


Vanquished creatures:
  a small mimic
  a watchman
  a giant spider
  a gnome ruler
  a water nymph
 10 Mordor orcs
 an orc shaman
  2 yellow lights
  6 gnome leaders
  2 gnomish wizards
  a ghoul
  6 dwarves
  2 kobold shamans
  8 hill orcs
  5 rothes
  a centipede
  a giant bat
  a monkey
  2 dwarf zombies
  2 wererats
  3 iguanas
  2 acid blobs
  a coyote
  4 hobbits
  a large kobold
  a hobgoblin
  2 cave spiders
  2 yellow molds
  a red mold
 23 gnomes
  a garter snake
  a gnome zombie
  4 geckos
  8 jackals
  2 kobolds
 11 sewer rats
  2 grid bugs
  2 lichens
  a kobold zombie
  2 newts
129 creatures vanquished.

No species were genocided or became extinct.

Game over:
                       ----------
                      /          \
                     /    REST    \
                    /      IN      \
                   /     PEACE      \
                  /                  \
                  |    Drastanta     |
                  |      254 Au      |
                  |   killed by a    |
                  |      dwarf       |
                  |                  |
                  |                  |
                  |       2026       |
                 *|     *  *  *      | *
        _________)/\\_//(\/(/\)/\//\/|_)_______

Goodbye Drastanta the Monk...

You died in The Gnomish Mines on dungeon level 6 with 3799 points,
and 254 pieces of gold, after 5831 moves.
You were level 7 with a maximum of 52 hit points when you died.

